 Dungeon Crawl Stone Soup version 0.29.0-4-gdea44cf6ec (webtiles) character file.

Game seed: 12275718995416721027

18189 qw the Brawler (level 12, -4/118 HPs)
             Began as a Troll Cinder Acolyte on Aug 31, 2022.
             Was an Initiate of Ignis.
             Slain by a tyrant leech (24 damage)
             ... on level 2 of the Lair of Beasts.
             The game lasted 00:05:13 (8711 turns).

qw the Brawler (Troll Cinder Acolyte)               Turns: 8711, Time: 00:05:14

Health: -4/118     AC: 11    Str: 29    XL:     12   Next: 25%
Magic:  0/12       EV: 10    Int: 10    God:    Ignis [......]
Gold:   690        SH:  0    Dex: 11    Spells: 13/13 levels left

rFire   + . .      SeeInvis .     - Unarmed
rCold   + . .      Faith    .   (no shield)
rNeg    . . .      Spirit   +   e - +4 steam dragon scales
rPois   .          Reflect  .   (helmet restricted)
rElec   .          Harm     .   (no cloak)
rCorr   .          Rampage  .   (gloves unavailable)
Will    .....                   (boots unavailable)
Stlth   +.........              b - amulet of guardian spirit
HPRegen 1.09/turn               k - +6 ring of dexterity
MPRegen 0.13/turn               (no ring)

@: no status effects
A: large, unfitting armour, claws 3, regeneration 1, shaggy fur 1, tough skin 1,
beak, cold resistance 1
a: Renounce Religion, Rising Flame


You were on level 2 of the Lair of Beasts.
You worshipped Ignis.
Ignis was noncommittal.
You visited 2 branches of the dungeon, and saw 10 of its levels.
You also visited: Ossuary.

You collected 690 gold pieces.


Innate Abilities, Weirdness & Mutations

You are too large for most types of armour.
You have claws for hands.
Your natural rate of healing is unusually fast.
You are covered in fur. (AC +1)
You have tough skin. (AC +1)
You have a beak for a mouth.
Your flesh is cold resistant. (rC+)


   Skills:
 - Level 7.0 Fighting
 - Level 7.0 Throwing
 - Level 3.0 Armour
 - Level 3.0 Dodging
 + Level 16.3 Unarmed Combat
 - Level 1.0 Spellcasting
 - Level 2.1 Fire Magic


You had 13 spell levels left.
You didn't know any spells.
Your spell library contained the following spells:

 Spells                   Type           Power      Damage    Failure   Level
 Scorch                   Fire           8%         2d5       22%         2

Inventory:

Missiles
 c - 7 boomerangs
 f - 6 javelins
 g - 10 large rocks (quivered)
Armour
 e - +4 steam dragon scales (worn)
Jewellery
 b - an amulet of guardian spirit (around neck)
 k - a +6 ring of dexterity (left claw)
Scrolls
 d - a scroll of identify
 o - 3 scrolls of teleportation
Potions
 h - 4 potions of haste
 i - 3 potions of curing
 j - 3 potions of heal wounds
 l - a potion of cancellation
 n - 2 potions of mutation

Dungeon Overview and Level Annotations

Branches:
Dungeon (8/15)             Temple (0/1) D:7            Lair (2/5) D:8
Ossuary (visited)
  Swamp: Lair:2-3    Shoals: Lair:2-3     Snake: Lair:2-3    Spider: Lair:2-3

Altars:
Dithmenos
Elyvilon
Fedhas
Kikubaaqudgha
Makhleb
Nemelex Xobeh
Okawaru
Qazlal
Ru
Yredelemnul
The Shining One

Shops:
D:3 (

Annotations:
D:2 1 runed translucent door, Crazy Yiuf
D:4 2 transporters, qw's ghost, amateur TrCA
D:6 3 runed translucent doors, qw's ghost, novice TeWr


Message History

You claw the tyrant leech! Your claw misses the tyrant leech.
The tyrant leech is almost dead.
The swamp worm bites you but does no damage.
The tyrant leech bites you but does no damage.
You miss the tyrant leech.
You claw the tyrant leech, but do no damage.
The tyrant leech is almost dead.
The swamp worm bites you. The tyrant leech bites you.
The tyrant leech draws strength from your injuries!
You miss the tyrant leech.
The tyrant leech is almost dead.
The swamp worm closely misses you. The tyrant leech closely misses you.
The tyrant leech bites you!!
The tyrant leech draws strength from your injuries!
You barely miss the tyrant leech. Your peck misses the tyrant leech.
Your claw misses the tyrant leech.
The tyrant leech is heavily wounded.
The swamp worm bites you!
You mangle the tyrant leech!!
The tyrant leech is almost dead.
The tyrant leech bites you!!
The tyrant leech draws strength from your injuries!
The tyrant leech bites you but does no damage.
The swamp worm bites you but does no damage.
You mangle the tyrant leech!!
You kill the tyrant leech!
You barely miss the tyrant leech. Your peck misses the tyrant leech.
The swamp worm closely misses you. The tyrant leech bites you!!
The tyrant leech draws strength from your injuries!
You claw the tyrant leech! Your peck misses the tyrant leech.
The tyrant leech is lightly wounded.
You closely miss the tyrant leech.
The tyrant leech is lightly wounded.
The tyrant leech bites you but does no damage.
The swamp worm barely misses you.
You barely miss the tyrant leech. You claw the tyrant leech.
The tyrant leech is moderately wounded.
The swamp worm bites you!! The swamp worm closely misses you.
The tyrant leech bites you!!
You die...

### ## ### ###..###
#.###.#######
.......####....#@w...###
.......P........ww.....###
.........................###.##
..............................#
..............................#
................7777777..77..##
................7 ~...7 .#
.........###...77 ~~~~77
/P##.....###...7 w~~~77


You could see a tyrant leech and 2 swamp worms.

Vanquished Creatures
  2 hydras (Lair:1)
  A two-headed ogre (D:6)
  Pikel (D:4)
  A deep elf pyromancer (D:7)
  3 elephants
  2 black mambas (Lair:1)
  Joseph (D:7)
  A torpor snail (Lair:1)
  6 cane toads
  A rime drake (Lair:1)
  2 komodo dragons (Lair:2)
  A troll (D:7)
  A polar bear (Lair:1)
  A tyrant leech (Lair:2)
  14 blink frogs
  Sigmund (D:2)
  13 yaks
  A vampire (D:7)
  6 wyverns
  4 basilisks
  2 steam dragons (D:8)
  7 water moccasins
  Duvessa (D:7)
  A sky beast (D:7)
  A black bear (D:4)
  2 ice beasts
  2 orc warriors
  2 ogres
  A lemure (D:4)
  A phantom (D:6)
  A kobold brigand (D:6)
  9 bullfrogs
  2 scorpions
  2 water moccasin zombies (Ossuary)
  7 wights
  Dowan (D:7)
  9 hounds
  A jelly (D:5)
  5 orc priests
  5 iguanas
  4 orc wizards
  2 mummies (Ossuary)
  Robin (D:2)
  4 gnolls (D:4)
  9 adders
  A shadow imp (D:5)
  2 white imps
  2 ufetubi
  A worm zombie (D:8)
  5 adder zombies (Ossuary)
  2 worms
  3 dart slugs
  29 orcs
  3 ball pythons
  8 bats
  9 endoplasms
  A giant cockroach (D:1)
  4 gnoll zombies (Ossuary)
  18 goblins
  7 hobgoblins
  3 jackals (D:3)
  5 quokkas
  A frilled lizard (D:2)
  A goblin zombie (D:8)
  5 hobgoblin zombies (Ossuary)
  10 kobolds
  6 kobold zombies (Ossuary)
  5 orc zombies
  2 rats (D:2)
278 creatures vanquished.

Vanquished Creatures (others)
  7 fungi
  15 plants
  4 withered plants (D:5)
26 creatures vanquished.

Grand Total: 304 creatures vanquished

Notes
Turn   | Place    | Note
-------+----------+-------------------------------------------
     0 | D:1      | qw the Troll Cinder Acolyte began the quest for the Orb.
     0 | D:1      | Reached XP level 1. HP: 22/22 MP: 1/1
     0 | D:1      | 0 ||| qw: Version: 0.1-a-97-g2dd2ca4
     0 | D:1      | 0 ||| qw: Game counter: 4573
     0 | D:1      | 0 ||| qw: Always use a shield: true
     0 | D:1      | 0 ||| qw: God list: Okawaru
     0 | D:1      | 0 ||| qw: Allow faded altars: false
     0 | D:1      | 0 ||| qw: Do Orc after D:15 true
     0 | D:1      | 0 ||| qw: Do second Lair branch before Depths: true
     0 | D:1      | 0 ||| qw: Lair rune preference: random
     0 | D:1      | 0 ||| qw: Plans: Normal
     0 | D:1      | 0 ||| PLANNING D:1-11
   128 | D:1      | Reached XP level 2. HP: 28/29 MP: 2/2
   147 | D:1      | 147 ||| Stepping ~*~*~tactically~*~*~ (stealth).
   204 | D:1      | 204 ||| Stepping ~*~*~tactically~*~*~ (outnumbered).
   205 | D:1      | 205 ||| Stepping ~*~*~tactically~*~*~ (outnumbered).
   206 | D:1      | 206 ||| Stepping ~*~*~tactically~*~*~ (outnumbered).
   207 | D:1      | 207 ||| Stepping ~*~*~tactically~*~*~ (outnumbered).
   208 | D:1      | 208 ||| Stepping ~*~*~tactically~*~*~ (outnumbered).
   215 | D:1      | Reached skill level 4 in Unarmed Combat
   416 | D:1      | 416 ||| Stepping ~*~*~tactically~*~*~ (hiding).
   417 | D:1      | 417 ||| Stepping ~*~*~tactically~*~*~ (hiding).
   418 | D:1      | 418 ||| Stepping ~*~*~tactically~*~*~ (hiding).
   543 | D:1      | 543 ||| READING 3 scrolls labelled WALOEXKIKI.
   544 | D:1      | 544 ||| READING scroll labelled HAETIU NUESI.
   545 | D:1      | 545 ||| READING 2 scrolls of identify.
   545 | D:1      | 545 ||| IDENTIFYING fizzy cyan potion
   546 | D:1      | 546 ||| DROPPING potion of lignification.
   557 | D:2      | Reached XP level 3. HP: 36/36 MP: 3/3
   693 | D:2      | Noticed Sigmund
   694 | D:2      | 694 ||| Stepping ~*~*~tactically~*~*~ (hiding).
   696 | D:2      | 696 ||| Stepping ~*~*~tactically~*~*~ (hiding).
   704 | D:2      | Killed Sigmund
   705 | D:2      | Reached skill level 6 in Unarmed Combat
   705 | D:2      | Reached XP level 4. HP: 40/44 MP: 4/4
   705 | D:2      | Reached XP level 5. HP: 46/50 MP: 5/5
   923 | D:2      | 923 ||| Stepping ~*~*~tactically~*~*~ (stealth).
   927 | D:2      | 927 ||| Stepping ~*~*~tactically~*~*~ (stealth).
   928 | D:2      | 928 ||| Stepping ~*~*~tactically~*~*~ (outnumbered).
   929 | D:2      | 929 ||| Stepping ~*~*~tactically~*~*~ (outnumbered).
   930 | D:2      | 930 ||| Stepping ~*~*~tactically~*~*~ (outnumbered).
   931 | D:2      | 931 ||| Stepping ~*~*~tactically~*~*~ (outnumbered).
   953 | D:2      | 953 ||| Stepping ~*~*~tactically~*~*~ (stealth).
   955 | D:2      | Noticed Robin
   956 | D:2      | 956 ||| Stepping ~*~*~tactically~*~*~ (stealth).
   967 | D:2      | Killed Robin
   968 | D:2      | 968 ||| FLEEEEING.
   969 | D:2      | 969 ||| FLEEEEING.
  1024 | D:2      | 1024 ||| FLEEEEING.
  1070 | D:2      | Found a burning altar of Makhleb.
  1108 | D:2      | Reached XP level 6. HP: 59/59 MP: 6/6
  1154 | D:2      | Found a faded altar of an unknown god.
  1347 | D:2      | Found a runed translucent door.
  1348 | D:2      | Noticed Crazy Yiuf
  1389 | D:2      | 1389 ||| READING scroll labelled KIH TYKAEHA.
  1390 | D:2      | 1390 ||| DRINKING 2 yellow potions.
  1441 | D:3      | 1441 ||| Stepping ~*~*~tactically~*~*~ (stealth).
  1497 | D:3      | Found Luimn's Weapon Boutique.
  1887 | D:3      | 1887 ||| Stepping ~*~*~tactically~*~*~ (outnumbered).
  1899 | D:3      | Reached skill level 7 in Unarmed Combat
  2093 | D:3      | 2093 ||| READING scroll labelled PIATYD IPLUST.
  2094 | D:3      | 2094 ||| READING scroll labelled WAUPHI XIAMUU.
  2095 | D:3      | 2095 ||| DRINKING 2 brown potions.
  2096 | D:3      | 2096 ||| READING 3 scrolls of identify.
  2096 | D:3      | 2096 ||| IDENTIFYING lumpy purple potion
  2097 | D:3      | 2097 ||| READING 2 scrolls of identify.
  2097 | D:3      | 2097 ||| IDENTIFYING glowing white potion
  2098 | D:3      | 2098 ||| DROPPING potion of invisibility.
  2099 | D:3      | 2099 ||| DROPPING potion of brilliance.
  2178 | D:4      | 2178 ||| INVOKING Fiery Armour.
  2181 | D:4      | 2181 ||| Stepping ~*~*~tactically~*~*~ (outnumbered).
  2182 | D:4      | 2182 ||| Stepping ~*~*~tactically~*~*~ (outnumbered).
  2183 | D:4      | 2183 ||| Stepping ~*~*~tactically~*~*~ (outnumbered).
  2184 | D:4      | 2184 ||| Stepping ~*~*~tactically~*~*~ (outnumbered).
  2185 | D:4      | 2185 ||| STAIRDANCE
  2199 | D:4      | 2199 ||| DRINKING potion of curing.
  2199 | D:4      | 2199 ||| (to cure confusion)
  2278 | D:4      | Reached skill level 8 in Unarmed Combat
  2298 | D:4      | Reached XP level 7. HP: 65/66 MP: 7/7
  2396 | D:4      | Noticed qw's ghost (amateur TrCA)
  2401 | D:4      | Found a transporter.
  2491 | D:4      | Reached skill level 1 in Throwing
  2491 | D:4      | 2491 ||| FLEEEEING.
  2492 | D:4      | 2492 ||| FLEEEEING.
  2493 | D:4      | 2493 ||| FLEEEEING.
  2494 | D:4      | 2494 ||| FLEEEEING.
  2495 | D:4      | 2495 ||| FLEEEEING.
  2496 | D:4      | 2496 ||| FLEEEEING.
  2497 | D:4      | 2497 ||| FLEEEEING.
  2498 | D:4      | 2498 ||| FLEEEEING.
  2499 | D:4      | 2499 ||| FLEEEEING.
  2500 | D:4      | 2500 ||| FLEEEEING.
  2620 | D:4      | Noticed Pikel
  2621 | D:4      | 2621 ||| Stepping ~*~*~tactically~*~*~ (stealth).
  2623 | D:4      | 2623 ||| Stepping ~*~*~tactically~*~*~ (hiding).
  2632 | D:4      | 2632 ||| Stepping ~*~*~tactically~*~*~ (stealth).
  2634 | D:4      | 2634 ||| INVOKING Fiery Armour.
  2638 | D:4      | Killed Pikel
  2639 | D:4      | Reached XP level 8. HP: 23/80 MP: 8/8
  2639 | D:4      | HP: 18/80 [gnoll/+0 spear (6)]
  2640 | D:4      | 2640 ||| DRINKING potion of heal wounds.
  2910 | D:4      | Found a transporter.
  3070 | D:4      | 3070 ||| UPGRADING to amulet of guardian spirit.
  3075 | D:4      | 3075 ||| READING scroll labelled COAMAE IHIH.
  3076 | D:4      | 3076 ||| READING scroll labelled AWUJOE POITWIR.
  3081 | D:4      | 3081 ||| READING scroll labelled NUIPNY ZIMUN.
  3107 | D:5      | Entered Level 5 of the Dungeon
  3157 | D:5      | 3157 ||| Stepping ~*~*~tactically~*~*~ (stealth).
  3163 | D:5      | Found a white marble altar of Elyvilon.
  3228 | D:5      | Reached skill level 9 in Unarmed Combat
  3348 | D:5      | 3348 ||| Stepping ~*~*~tactically~*~*~ (stealth).
  3396 | D:5      | Reached skill level 1 in Dodging
  3406 | D:5      | Found an ancient bone altar of Kikubaaqudgha.
  3421 | D:5      | 3421 ||| Stepping ~*~*~tactically~*~*~ (hiding).
  3423 | D:5      | 3423 ||| Stepping ~*~*~tactically~*~*~ (hiding).
  3485 | D:5      | Found a shadowy altar of Dithmenos.
  3485 | D:5      | Found a sacrificial altar of Ru.
  3493 | D:5      | Found a sparkling altar of Nemelex Xobeh.
  3495 | D:5      | Found a faded altar of an unknown god.
  3497 | D:5      | Found a glowing golden altar of the Shining One.
  3593 | D:5      | 3593 ||| Stepping ~*~*~tactically~*~*~ (stealth).
  3763 | D:5      | 3763 ||| UPGRADING to +6 ring of dexterity.
  3764 | D:5      | 3764 ||| READING scroll labelled UGO AVUSCHIW.
  3765 | D:5      | 3765 ||| READING scroll labelled VUQUIMAAFE.
  3766 | D:5      | 3766 ||| READING scroll labelled EMILAS NEDE.
  3767 | D:5      | 3767 ||| READING 2 scrolls of identify.
  3767 | D:5      | 3767 ||| IDENTIFYING bubbling inky potion
  3768 | D:5      | 3768 ||| DROPPING potion of ambrosia.
  3814 | D:6      | Noticed a two-headed ogre
  3822 | D:6      | Killed a two-headed ogre
  3823 | D:6      | Reached skill level 10 in Unarmed Combat
  3823 | D:6      | Reached XP level 9. HP: 64/88 MP: 6/9
  3823 | D:6      | 3823 ||| STAIRDANCE
  3866 | D:6      | 3866 ||| Stepping ~*~*~tactically~*~*~ (hiding).
  3872 | D:6      | 3872 ||| INVOKING Fiery Armour.
  3876 | D:6      | 3876 ||| Stepping ~*~*~tactically~*~*~ (outnumbered).
  3877 | D:6      | 3877 ||| Stepping ~*~*~tactically~*~*~ (hiding).
  3945 | D:6      | Found a runed translucent gate.
  3945 | D:6      | Found a runed translucent gate.
  3946 | D:6      | Found a runed translucent gate.
  3949 | D:6      | Noticed qw's ghost (novice TeWr)
  3957 | D:6      | Reached skill level 3 in Throwing
  3960 | D:6      | 3960 ||| Stepping ~*~*~tactically~*~*~ (stealth).
  4053 | D:6      | 4053 ||| INVOKING Fiery Armour.
  4054 | D:6      | 4054 ||| Stepping ~*~*~tactically~*~*~ (outnumbered).
  4202 | D:6      | Reached skill level 11 in Unarmed Combat
  4353 | D:6      | Found an iron altar of Okawaru.
  4504 | D:6      | 4504 ||| DRINKING 2 puce potions.
  4536 | D:7      | 4536 ||| Stepping ~*~*~tactically~*~*~ (outnumbered).
  4537 | D:7      | 4537 ||| STAIRDANCE
  4613 | D:7      | 4613 ||| Stepping ~*~*~tactically~*~*~ (hiding).
  4645 | D:7      | Noticed Duvessa
  4646 | D:7      | Noticed Dowan
  4647 | D:7      | 4647 ||| Stepping ~*~*~tactically~*~*~ (hiding).
  4650 | D:7      | 4650 ||| Stepping ~*~*~tactically~*~*~ (hiding).
  4654 | D:7      | 4654 ||| INVOKING Fiery Armour.
  4655 | D:7      | Killed Duvessa
  4659 | D:7      | Killed Dowan
  4682 | D:7      | 4682 ||| Stepping ~*~*~tactically~*~*~ (stealth).
  4884 | D:7      | Noticed a troll
  4893 | D:7      | 4893 ||| INVOKING Fiery Armour.
  4894 | D:7      | HP: 17/88 [troll (7)]
  4894 | D:7      | Killed a troll
  4895 | D:7      | Reached skill level 12 in Unarmed Combat
  4992 | D:7      | Noticed a deep elf pyromancer
  4997 | D:7      | Killed a deep elf pyromancer
  4998 | D:7      | Reached XP level 10. HP: 94/96 MP: 10/10
  5036 | D:7      | Noticed Joseph
  5040 | D:7      | Paralysed by Joseph for 4 turns
  5046 | D:7      | 5046 ||| INVOKING Fiery Armour.
  5049 | D:7      | Killed Joseph
  5201 | D:7      | 5201 ||| Stepping ~*~*~tactically~*~*~ (stealth).
  5201 | D:7      | Found a stormy altar of Qazlal.
  5202 | D:7      | 5202 ||| Stepping ~*~*~tactically~*~*~ (stealth).
  5470 | D:7      | Found a staircase to the Ecumenical Temple.
  5879 | D:7      | 5879 ||| DRINKING 2 metallic white potions.
  5879 | D:7      | Gained mutation: Your flesh is cold resistant. (rC+)
                  | [potion of mutation]
  5879 | D:7      | Gained mutation: You have a beak for a mouth. [potion of
                  | mutation]
  5880 | D:7      | 5880 ||| READING 2 scrolls of identify.
  5880 | D:7      | 5880 ||| IDENTIFYING dark potion
  5881 | D:7      | 5881 ||| DROPPING potion of flight.
  5909 | D:8      | 5909 ||| PLANNING OSSUARY
  5993 | D:8      | Found a blossoming altar of Fedhas.
  6031 | D:8      | 6031 ||| Stepping ~*~*~tactically~*~*~ (stealth).
  6043 | D:8      | Reached skill level 13 in Unarmed Combat
  6045 | D:8      | 6045 ||| INVOKING Fiery Armour.
  6050 | D:8      | Reached skill level 3 in Dodging
  6051 | D:8      | 6051 ||| FLEEEEING.
  6051 | D:8      | HP: 24/96 [poisoned by a water moccasin]
  6053 | D:8      | 6053 ||| FLEEEEING.
  6054 | D:8      | 6054 ||| FLEEEEING.
  6055 | D:8      | 6055 ||| FLEEEEING.
  6056 | D:8      | 6056 ||| FLEEEEING.
  6056 | D:8      | HP: 22/96 [poisoned by a water moccasin]
  6057 | D:8      | 6057 ||| FLEEEEING.
  6059 | D:8      | 6059 ||| FLEEEEING.
  6060 | D:8      | 6060 ||| FLEEEEING.
  6061 | D:8      | 6061 ||| FLEEEEING.
  6062 | D:8      | 6062 ||| FLEEEEING.
  6063 | D:8      | 6063 ||| FLEEEEING.
  6064 | D:8      | 6064 ||| FLEEEEING.
  6065 | D:8      | 6065 ||| FLEEEEING.
  6066 | D:8      | 6066 ||| FLEEEEING.
  6067 | D:8      | 6067 ||| FLEEEEING.
  6068 | D:8      | 6068 ||| FLEEEEING.
  6069 | D:8      | 6069 ||| FLEEEEING.
  6070 | D:8      | 6070 ||| FLEEEEING.
  6071 | D:8      | 6071 ||| FLEEEEING.
  6072 | D:8      | 6072 ||| FLEEEEING.
  6073 | D:8      | 6073 ||| STAIRDANCE
  6128 | D:7      | 6128 ||| READING 2 scrolls of identify.
  6128 | D:7      | 6128 ||| IDENTIFYING black potion
  6129 | D:7      | 6129 ||| DROPPING potion of attraction.
  6152 | D:8      | 6152 ||| INVOKING Fiery Armour.
  6190 | D:8      | Found a staircase to the Lair.
  6198 | D:8      | 6198 ||| Stepping ~*~*~tactically~*~*~ (outnumbered).
  6199 | D:8      | 6199 ||| Stepping ~*~*~tactically~*~*~ (outnumbered).
  6200 | D:8      | 6200 ||| Stepping ~*~*~tactically~*~*~ (outnumbered).
  6201 | D:8      | 6201 ||| Stepping ~*~*~tactically~*~*~ (outnumbered).
  6202 | D:8      | 6202 ||| Stepping ~*~*~tactically~*~*~ (outnumbered).
  6203 | D:8      | 6203 ||| Stepping ~*~*~tactically~*~*~ (outnumbered).
  6214 | D:8      | 6214 ||| Stepping ~*~*~tactically~*~*~ (outnumbered).
  6218 | D:8      | 6218 ||| Stepping ~*~*~tactically~*~*~ (outnumbered).
  6219 | D:8      | 6219 ||| Stepping ~*~*~tactically~*~*~ (outnumbered).
  6220 | D:8      | 6220 ||| Stepping ~*~*~tactically~*~*~ (outnumbered).
  6322 | D:8      | 6322 ||| Stepping ~*~*~tactically~*~*~ (hiding).
  6324 | D:8      | 6324 ||| Stepping ~*~*~tactically~*~*~ (hiding).
  6343 | D:8      | Reached skill level 14 in Unarmed Combat
  6404 | D:8      | Found a basalt altar of Yredelemnul.
  6420 | D:8      | 6420 ||| FLEEEEING.
  6421 | D:8      | 6421 ||| FLEEEEING.
  6461 | D:8      | Reached skill level 6 in Fighting
  6502 | D:8      | Found a sand-covered staircase.
  6504 | D:8      | 6504 ||| UPGRADING to +0 steam dragon scales.
  6514 | D:8      | 6514 ||| DROPPING +0 robe.
  6515 | D:8      | 6515 ||| READING 2 scrolls of enchant armour.
  6515 | D:8      | 6515 ||| ENCHANTING +0 steam dragon scales.
  6516 | D:8      | 6516 ||| READING scroll of enchant armour.
  6516 | D:8      | 6516 ||| ENCHANTING +1 steam dragon scales.
  6521 | Ossuary  | Entered an ossuary
  6524 | Ossuary  | 6524 ||| Stepping ~*~*~tactically~*~*~ (stealth).
  6528 | Ossuary  | 6528 ||| Stepping ~*~*~tactically~*~*~ (stealth).
  6535 | Ossuary  | 6535 ||| Stepping ~*~*~tactically~*~*~ (stealth).
  6629 | Ossuary  | 6629 ||| Stepping ~*~*~tactically~*~*~ (stealth).
  6637 | Ossuary  | 6637 ||| Stepping ~*~*~tactically~*~*~ (stealth).
  6684 | Ossuary  | 6684 ||| READING scroll of enchant armour.
  6684 | Ossuary  | 6684 ||| ENCHANTING +2 steam dragon scales.
  6692 | Ossuary  | 6692 ||| READING scroll labelled SEEL GEJEKH.
  6793 | Ossuary  | 6793 ||| READING 2 scrolls of identify.
  6793 | Ossuary  | 6793 ||| IDENTIFYING fizzy green potion
  6794 | Ossuary  | 6794 ||| DROPPING potion of degeneration.
  6803 | D:8      | 6803 ||| PLANNING LAIR
  6830 | Lair:1   | Entered Level 1 of the Lair of Beasts
  6839 | Lair:1   | Reached skill level 1 in Armour
  6839 | Lair:1   | Reached XP level 11. HP: 105/105 MP: 11/11
  6938 | Lair:1   | 6938 ||| Stepping ~*~*~tactically~*~*~ (stealth).
  6942 | Lair:1   | 6942 ||| INVOKING Fiery Armour.
  6945 | Lair:1   | Reached skill level 6 in Throwing
  7030 | Lair:1   | 7030 ||| Stepping ~*~*~tactically~*~*~ (stealth).
  7108 | Lair:1   | Noticed an eight-headed hydra
  7109 | Lair:1   | 7109 ||| INVOKING Fiery Armour.
  7112 | Lair:1   | 7112 ||| Stepping ~*~*~tactically~*~*~ (hiding).
  7112 | Lair:1   | Killed an eight-headed hydra
  7113 | Lair:1   | Reached skill level 15 in Unarmed Combat
  7120 | Lair:1   | Noticed a four-headed hydra
  7123 | Lair:1   | 7123 ||| Stepping ~*~*~tactically~*~*~ (hiding).
  7128 | Lair:1   | Killed an eight-headed hydra
  7129 | Lair:1   | Reached skill level 3 in Armour
  7242 | Lair:1   | 7242 ||| Stepping ~*~*~tactically~*~*~ (stealth).
  8034 | Lair:1   | Reached skill level 16 in Unarmed Combat
  8183 | Lair:1   | 8183 ||| READING 2 scrolls of identify.
  8183 | Lair:1   | 8183 ||| IDENTIFYING red potion
  8193 | Lair:2   | 8193 ||| INVOKING Fiery Armour.
  8219 | Lair:2   | 8219 ||| FLEEEEING.
  8220 | Lair:2   | 8220 ||| FLEEEEING.
  8221 | Lair:2   | 8221 ||| FLEEEEING.
  8222 | Lair:2   | 8222 ||| STAIRDANCE
  8255 | Lair:2   | 8255 ||| STAIRDANCE
  8260 | Lair:1   | Reached XP level 12. HP: 110/115 MP: 9/12
  8360 | Lair:2   | 8360 ||| READING scroll of enchant armour.
  8360 | Lair:2   | 8360 ||| ENCHANTING +3 steam dragon scales.
  8383 | Lair:2   | 8383 ||| Stepping ~*~*~tactically~*~*~ (stealth).
  8436 | Lair:2   | 8436 ||| Stepping ~*~*~tactically~*~*~ (stealth).
  8440 | Lair:2   | 8440 ||| Stepping ~*~*~tactically~*~*~ (outnumbered).
  8441 | Lair:2   | 8441 ||| Stepping ~*~*~tactically~*~*~ (outnumbered).
  8510 | Lair:2   | 8510 ||| Stepping ~*~*~tactically~*~*~ (stealth).
  8511 | Lair:2   | 8511 ||| Stepping ~*~*~tactically~*~*~ (stealth).
  8521 | Lair:2   | 8521 ||| Stepping ~*~*~tactically~*~*~ (stealth).
  8689 | Lair:2   | 8689 ||| Stepping ~*~*~tactically~*~*~ (hiding).
  8692 | Lair:2   | 8692 ||| Stepping ~*~*~tactically~*~*~ (outnumbered).
  8693 | Lair:2   | 8693 ||| Stepping ~*~*~tactically~*~*~ (outnumbered).
  8695 | Lair:2   | 8695 ||| Stepping ~*~*~tactically~*~*~ (outnumbered).
  8696 | Lair:2   | 8696 ||| Stepping ~*~*~tactically~*~*~ (outnumbered).
  8698 | Lair:2   | 8698 ||| Stepping ~*~*~tactically~*~*~ (outnumbered).
  8699 | Lair:2   | 8699 ||| Stepping ~*~*~tactically~*~*~ (outnumbered).
  8711 | Lair:2   | HP: 20/118 [swamp worm (18)]
  8711 | Lair:2   | Slain by a tyrant leech

Levels and vault maps discovered:
D:1:      lemuel_arrival_broad_hall, layout_rooms, minmay_misc_feat_plants
D:2:      layout_loops_ring, basic_altar, chequers_ecumenical_altar_lobes,
          uniq_sigmund, uniq_robin, uniq_crazy_yiuf_cottage
D:3:      layout_basic, serial_shops, nicolae_lakefront_shop
D:4:      layout_cave_pods, gammafunk_ghost_arena, uniq_pikel
D:5:      layout_basic, elyvilon_altar_1, kiku_gazebo_garden_becter,
          chequers_temple_overflow_minitemple
D:6:      layout_gridville, okawaru_trees_1, gammafunk_ghost_nasty_kobolds,
          minmay_ogre_servants
D:7:      layout_layer_cave, nicolae_qazlal_style_of_elements,
          minmay_temple_entry_butterflies, wad_mini_maze, uniq_duvessa,
          uniq_joseph
D:8:      layout_basic, mainiacjoe_overflow_paths, fedhas_ov_isle_minmay,
          minmay_lair_entry_grove, enter_ossuary_3, minivault_25, minivault_14
Lair:1:   layout_layer_cave, nzn_random_ring
Lair:2:   layout_gridlike, palyth_hydra_swamp_entry, lemuel_fruit_tree,
          serial_bayou_shore_b, grunt_megastairs_1

Skill      XL: |  1  2  3  4  5  6  7  8  9 10 11 12 |
---------------+-------------------------------------+-----
Unarmed Combat | 4 6 8 10 12 14 16 | 16.3
Throwing       | 1 2 5 6 7 |  7.0
Fighting       | 5 6 7 |  7.0
Dodging        | 1 2 3 |  3.0
Armour         | 1 3 |  3.0
Spellcasting   | |  1.0
Fire Magic     | |  2.1

Action                   |  1- 3 |  4- 6 |  7- 9 | 10-12 || total
-------------------------+-------+-------+-------+-------++-------
Melee: Unarmed           |    90 |   130 |   164 |   278 ||   662
       Punch             |     1 |     1 |    10 |    21 ||    33
       Peck              |       |       |       |    42 ||    42
Throw: Javelin           |       |       |    37 |       ||    37
       Large rock        |       |       |    16 |    80 ||    96
Invok: Fiery Armour      |       |     1 |     5 |     6 ||    12
  Use: Scroll            |     3 |     5 |     7 |     9 ||    24
       Potion            |       |     3 |     2 |     1 ||     6
Armor: Robe              |    48 |    35 |    42 |    22 ||   147
       Steam dragon scal |       |       |       |    45 ||    45
Dodge: Dodged            |    39 |    41 |    66 |   113 ||   259

Table legend:
 A = Non-vault XP
 B = Vault XP
 C = Vault XP percentage of total XP
 D = Non-vault monster count
 E = Vault monster count
 F = Vault count percentage of total count
                 A         B        C        D         E       F
            +---------+---------+-------+---------+---------+-------
      Total |   16276 |    9709 |  37.4 |     197 |      80 |  28.9
            +---------+---------+-------+---------+---------+-------
        D:1 |      40 |       0 |   0.0 |      20 |       0 |   0.0
        D:2 |     102 |     241 |  70.3 |      18 |       8 |  30.8
        D:3 |      80 |       0 |   0.0 |      20 |       0 |   0.0
        D:4 |     603 |     607 |  50.2 |      27 |       1 |   3.6
        D:5 |     715 |       0 |   0.0 |      19 |       0 |   0.0
        D:6 |    1362 |     131 |   8.8 |      14 |       9 |  39.1
        D:7 |     866 |    1765 |  67.1 |      21 |       6 |  22.2
        D:8 |    2071 |    2122 |  50.6 |      19 |      15 |  44.1
     Lair:1 |    5367 |    4306 |  44.5 |      21 |      12 |  36.4
     Lair:2 |    5070 |     297 |   5.5 |      18 |       1 |   5.3
    Ossuary |       0 |     240 | 100.0 |       0 |      28 | 100.0
            +---------+---------+-------+---------+---------+-------
